 Dungeon Crawl Stone Soup version 0.30.0-13-g156ef70053 (webtiles) character file.

Game seed: 17119612677006981950

4 Esekla the Grave Robber (level 1, 0/11 HPs)
             Began as an Octopode Necromancer on May 17, 2023.
             Constricted to death by a ball python (1 damage)
             ... on level 1 of the Dungeon.
             The game lasted 00:00:56 (239 turns).

Esekla the Grave Robber (Octopode Necromancer)       Turns: 239, Time: 00:00:57

Health: 0/11       AC:  1    Str:  7    XL:     1   Next: 60%
Magic:  3/3        EV: 10    Int: 17    God:
Gold:   35         SH:  0    Dex: 12    Spells: 3/4 levels left

rFire   . . .        (no weapon)
rCold   . . .        (no shield)
rNeg    . . .        (helmet restricted)
rPois   .            (no amulet)
rElec   .            (no ring)
rCorr   .            (no ring)
SInv    .            (no ring)
Will    .....        (no ring)
Stlth   +++          (no ring)
HPRegen 0.21/turn    (no ring)
MPRegen 0.08/turn    (no ring)
                     (no ring)

%: no passive effects
@: constricted
A: almost no armour, amphibious, 8 rings, camouflage 1, gelatinous body 1,
(nimble swimmer 1), tentacles
a: no special abilities


You were on level 1 of the Dungeon.
You visited 1 branch of the dungeon, and saw 1 of its levels.

You collected 35 gold pieces.

Inventory:

Scrolls
 b - a scroll of identify {unknown}
 c - a scroll of brand weapon {unknown}
Potions
 a - a potion of magic
 d - 2 potions of heal wounds {unknown}


   Skills:
 * Level 0.3 Fighting
 * Level 2.1 Dodging
 + Level 2.7 Stealth
 * Level 2.0 Spellcasting
 + Level 4.0 Necromancy


You had 3 spell levels left.
You knew the following spells:

 Your Spells              Type           Power      Damage    Failure   Level
a - Necrotise             Necr           60%        1d7       3%          1

Your spell library contained the following spells:

 Spells                   Type           Power      Damage    Failure   Level
 Vampiric Draining        Necr           15%        2d7       11%         3
 Animate Dead             Necr           15%        N/A       34%         4
 Agony                    Necr           15%        N/A       69%         5


Dungeon Overview and Level Annotations

Branches:
Dungeon (1/15)

Altars:


Innate Abilities, Weirdness & Mutations

You cannot wear most types of armour.
You are amphibious.
You can wear up to eight rings at the same time.
Your skin changes colour to match your surroundings (Stealth+).
Your rubbery body absorbs attacks. (AC +1, EV +1)
((You are camouflaged when in or above water. (Stealth+)))
You have tentacles for arms and can constrict up to eight enemies at once.


Message History

You see here 7 gold pieces.
You now have 35 gold pieces (gained 7).
You see here a +0 chain mail.
The frilled lizard hisses angrily.
The frilled lizard closely misses you.
You closely miss the frilled lizard. You grab the frilled lizard.
You constrict the frilled lizard. The frilled lizard misses you.
You tentacle-slap the frilled lizard.
You kill the frilled lizard!
You see here a frilled lizard corpse.
Found an escape hatch in the floor.
A hobgoblin comes into view.
Found an embroidered scarf.
You see here a scarf of invisibility.
A ball python comes into view.
The ball python hisses angrily.
The helpless hobgoblin fails to defend itself.
You tentacle-slap the hobgoblin but do no damage.
You grab the hobgoblin.
You constrict the hobgoblin, but do no damage.
The hobgoblin misses you.
You tentacle-slap the ball python but do no damage.
You grab the ball python. You constrict the ball python.
You constrict the hobgoblin, but do no damage.
The ball python bites you. The ball python grabs you.
The ball python constricts you. The hobgoblin barely misses you.
You tentacle-slap the ball python but do no damage.
The ball python is moderately wounded.
You constrict the ball python.
You constrict the hobgoblin, but do no damage.
The ball python bites you. The ball python constricts you.
The hobgoblin closely misses you.
You tentacle-slap the hobgoblin but do no damage.
You constrict the ball python.
You constrict the hobgoblin, but do no damage.
The ball python bites you. The ball python constricts you.
The ball python bites you.
* * * LOW HITPOINT WARNING * * *
The ball python constricts you.
You die...

#............##.##.......
.#####.####.##.####...##
#.# #.##.####...#
#[####.##.##....###
#.##.........#.....
#.##.#####.......##
#.##.##.##.# #.###†#.[.
...........# #.# #...##
#.##.###@..# #.# ###### #
#..gS.# .# #.#...... .#
#.#......# # ###.##.# .#
#.# ####### .. . .......
.#. #######


You could see a hobgoblin and a ball python.

Vanquished Creatures
  An endoplasm (D:1)
  A kobold (D:1)
  A frilled lizard (D:1)
  A rat (D:1)
4 creatures vanquished.

Notes
Turn   | Place    | Note
-------+----------+-------------------------------------------
     0 | D:1      | Esekla the Octopode Necromancer began the quest for the
                  | Orb.
     0 | D:1      | Reached XP level 1. HP: 11/11 MP: 3/3
   239 | D:1      | Constricted to death by a ball python

Illustrated notes

Levels and vault maps discovered:
D:1:      minmay_arrival_four_loops, layout_loops_ring

Action                     || total
---------------------------++-------
  Melee: Unarmed           ||    13
         Constrict         ||     5
         Tentacles         ||     2
   Stab: Sleeping          ||     1
  Dodge: Dodged            ||     9
